AoeStats
← MatzeAoE

Black Forest

505727009Analyzed
1v1 RM · 22d ago on Sep 10, 2026· 74m 35s· 2 players
Game mode
Random Map
Map size
Tiny (2 player)
Population
200
Speed
Normal
Resources
Standard
Victory
Conquest
Starting age
Dark Age
Ending age
Imperial Age
RankedLock teamsTeams togetherTeam positionsShared explorationLock speedFull tech treeHidden civsTurbo modeCheats
Victory
Defeat
🇩🇪 Dravidians · Germany
2176
+6
🇫🇷 Inca · France
1915
-6
MatzeAoE
10:59 Feudal Age
11:16 Man-at-Arms
12:21 Arson
14:43 Horse Collar
16:20 Wheelbarrow
16:22 Wheelbarrow
20:23 Castle Age
20:57 Double-Bit Axe
21:48 Bow Saw
22:25 Heavy Plow
28:47 Hand Cart
28:51 Gold Mining
28:51 Stone Mining
29:03 Town Watch
33:06 Imperial Age
31:34 Fletching
31:44 Padded Archer Armor
32:04 Town Patrol
31:50 Loom
31:31 Long Swordsman
31:57 Gambesons
32:12 Squires
33:02 Bodkin Arrow
33:22 Leather Archer Armor
33:18 Forging
33:09 Scale Mail Armor
33:20 Thumb Ring
33:25 Two-Handed Swordsman
34:28 Conscription
34:22 Fortified Wall
35:02 Guilds
36:05 Chemistry
35:09 Champion
35:50 Bracer
36:20 Ring Archer Armor
36:46 Ballistics
36:54 Chain Mail Armor
37:14 Iron Casting
39:17 Plate Mail Armor
39:47 Blast Furnace
40:05 Elite Elephant Archer
43:03 Pikeman
44:06 Wootz Steel
43:54 Medical Corps
45:04 Onager
47:55 Halberdier
48:11 Elite Skirmisher
52:14 Elite Skirmisher
62:08 Two-Man Saw
Mr.smeagoul
0:46 Loom
13:30 Feudal Age
18:32 Castle Age
16:57 Double-Bit Axe
18:08 Horse Collar
19:32 Bow Saw
20:27 Wheelbarrow
21:52 Heavy Plow
25:48 Hand Cart
25:51 Town Watch
28:35 Stone Mining
28:39 Gold Mining
29:12 Scale Mail Armor
29:27 Forging
32:15 Imperial Age
30:37 Chain Mail Armor
30:59 Iron Casting
32:03 Gold Shaft Mining
31:24 Fletching
30:56 Champi Runner
31:38 Squires
32:18 Bodkin Arrow
31:44 Champi Warrior
32:33 Padded Archer Armor
32:59 Ballistics
32:43 Town Patrol
33:26 Conscription
33:46 Crop Rotation
35:00 Plate Mail Armor
35:31 Blast Furnace
36:05 Chemistry
35:21 Elite Kamayuk
36:57 Leather Archer Armor
37:15 Fabric Shields
38:30 Masonry
39:02 Hoardings
38:10 Elite Skirmisher
38:52 Bracer
39:23 Ring Archer Armor
39:36 Stone Shaft Mining
39:40 Hoardings
40:32 Siege Engineers
41:37 Heavy Scorpion
44:05 Thumb Ring
47:51 Elite Champi Warrior
59:20 Capped Ram
60:34 Arson
60:21 Siege Ram
61:33 Guilds
63:56 Pikeman
64:53 Sappers
Connection lost

Rejoining the realm…

Still unreachable

The connection could not be restored.

Session expired

The server has moved on; the page needs a fresh start.